AoeStats
← dorine6

Arena

509642595Analyzed
1v1 RM · 6d ago on Sep 27, 2026· 74m 52s· 2 players
Game mode
Random Map
Map size
Tiny (2 player)
Population
200
Speed
Normal
Resources
Standard
Victory
Conquest
Starting age
Dark Age
Ending age
Imperial Age
RankedLock teamsTeams togetherTeam positionsShared explorationLock speedFull tech treeHidden civsTurbo modeCheats
Victory
Defeat
🇫🇷 Georgians · France
676
+29
🇹🇷 Bengalis · Türkiye
715
-18
dorine6
6:15 Loom
12:19 Feudal Age
17:46 Castle Age
16:16 Fletching
18:08 Forging
17:55 Pikeman
19:07 Double-Bit Axe
21:07 Bloodlines
20:46 Horse Collar
23:01 Heavy Plow
24:49 Husbandry
25:18 Scale Barding Armor
26:06 Pikeman
28:19 Chain Barding Armor
28:19 Scale Mail Armor
33:08 Squires
34:16 Bodkin Arrow
37:54 Imperial Age
36:52 Ballistics
36:27 Murder Holes
38:02 Iron Casting
38:56 Svan Towers
39:39 Halberdier
40:34 Cavalier
41:01 Capped Ram
42:11 Town Watch
44:12 Blast Furnace
43:46 Devotion
45:07 Svan Towers
45:16 Masonry
46:07 Chemistry
46:19 Faith
46:17 Bracer
46:59 Padded Archer Armor
47:35 Plate Barding Armor
47:23 Crossbowman
48:12 Siege Ram
54:26 Siege Engineers
58:05 Town Patrol
58:42 Wheelbarrow
58:36 Aznauri Cavalry
57:51 Elite Monaspa
60:20 Onager
66:43 Crop Rotation
66:54 Hoardings
65:41 Spies/Treason
67:16 Hand Cart
67:13 Bow Saw
66:53 Gold Mining
66:54 Stone Mining
67:20 Chain Mail Armor
67:20 Leather Archer Armor
67:37 Architecture
66:47 Treadmill Crane
67:18 Fortified Wall
66:53 Arrowslits
68:09 Chemistry
67:19 Clinker Construction
67:20 Careening
70:47 Plate Mail Armor
70:53 Stone Shaft Mining
70:10 Guard Tower
69:43 Siege Onager
69:43 Heavy Scorpion
69:45 Man-at-Arms
70:11 Gambesons
70:11 Arson
69:48 Elite Skirmisher
70:54 Parthian Tactics
69:50 Heavy Cavalry Archer
69:54 Light Cavalry
70:55 Sanctity
70:56 Heresy
71:11 Theocracy
70:32 Herbal Medicine
70:52 Block Printing
70:48 Fervor
71:28 Sappers
72:19 Conscription
72:43 Keep
71:35 Long Swordsman
71:43 Hussar
71:57 Hussar
73:20 Two-Handed Swordsman
SaitMurathan
11:39 Feudal Age
14:29 Horse Collar
17:35 Castle Age
15:27 Double-Bit Axe
19:26 Bow Saw
19:59 Bloodlines
19:57 Scale Barding Armor
20:03 Forging
27:51 Elite Skirmisher
31:16 Padded Archer Armor
31:36 Pikeman
32:05 Gambesons
33:34 Fletching
34:09 Chain Barding Armor
35:39 Bodkin Arrow
36:30 Wheelbarrow
36:02 Husbandry
44:55 Imperial Age
44:24 Paiks
45:03 Light Cavalry
46:20 Squires
53:28 Town Watch
Connection lost

Rejoining the realm…

Still unreachable

The connection could not be restored.

Session expired

The server has moved on; the page needs a fresh start.